 Dungeon Crawl Stone Soup version 0.23-a0-448-g1c01f63 (webtiles) character file.

15 Lavandula the Gusty (level 2, 0/22 HPs)
             Began as a Naga Air Elementalist on Nov 20, 2018.
             Slain by a leopard gecko (1 damage)
             ... on level 1 of the Dungeon.
             The game lasted 00:01:14 (137 turns).

Lavandula the Gusty (Naga Air Elementalist)          Turns: 137, Time: 00:01:15

Health: 0/22       AC:  1    Str: 10    XL:     2   Next: 50%
Magic:  1/5        EV: 10    Int: 15    God:
Gold:   8          SH:  0    Dex: 11    Spells: 4/5 levels left

rFire    . . .     SeeInvis +   d - +0 short sword (curse)
rCold    . . .     Gourm    .   (no shield)
rNeg     . . .     Faith    .   a - +0 robe
rPois    +         Spirit   .   (no helmet)
rElec    .         Reflect  .   (no cloak)
rCorr    .         Harm     .   (no gloves)
MR       .....                  (no barding)
Stlth    ++........             (no amulet)
HPRegen  0.07/turn              (no ring)
MPRegen  0.09/turn              (no ring)

@: short of breath, very slow
A: large, see invisible, deformed body, poison resistance, slowness 2, slow
metabolism 1, spit poison 1, AC +0
a: Spit Poison


You were on level 1 of the Dungeon.
You were not hungry.

You visited 1 branch of the dungeon, and saw 1 of its levels.

You collected 8 gold pieces.

Inventory:

Hand Weapons
 d - a cursed +0 short sword (weapon)
Armour
 a - a +0 robe (worn)
Scrolls
 b - a scroll of immolation {unknown}
 e - a scroll of amnesia {unknown}
 f - 2 scrolls of identify {unknown}
 g - a scroll of enchant armour {unknown}
Comestibles
 c - a ration


   Skills:
 - Level 1.5 Dodging
 - Level 3.0 Stealth
 - Level 2.0 Spellcasting
 - Level 1.0 Conjurations
 + Level 3.8 Air Magic


You had 4 spell levels left.
You knew the following spells:

 Your Spells              Type           Power        Failure   Level  Hunger
a - Shock                 Conj/Air       #...         9%          1    #......

Your spell library contained the following spells:

 Spells                   Type           Power        Failure   Level  Hunger
 Swiftness                Chrm/Air       #.......     16%         2    ###....
 Static Discharge         Conj/Air       #.......     24%         3    ###....
 Airstrike                Air            ##........   41%         4    #####..
 Lightning Bolt           Conj/Air       #.........   92%         5    ######.


Dungeon Overview and Level Annotations

Branches:
Dungeon (1/15)

Altars:


Innate Abilities, Weirdness & Mutations

You cannot wear boots.
Your serpentine skin is tough. (AC +0)
You have supernaturally acute eyesight. (SInv)
Armour fits poorly on your strangely shaped body.
Your system is resistant to poisons. (rPois)
You cover ground very slowly.
You have a slow metabolism.
You can spit poison.


Message History

You hit the leopard gecko but do no damage.
The leopard gecko is heavily wounded.
The leopard gecko bites you.
You are too injured to fight recklessly!
You hit the leopard gecko.
The leopard gecko is severely wounded.
The bat hits you. The leopard gecko misses you. The leopard gecko bites you.
* * * LOW HITPOINT WARNING * * *
Unknown command.
You miss the leopard gecko.
The leopard gecko is severely wounded.
The leopard gecko bites you.
* * * LOW HITPOINT WARNING * * *
Unknown command.
You barely miss the leopard gecko.
The leopard gecko is severely wounded.
The bat hits you.
* * * LOW HITPOINT WARNING * * *
The leopard gecko bites you.
You die...

### #.##########.######
#...)...((......... .
.......††....#.### ..#
#.##########l#.####.....
..........@b...).......
..........#.#..###.#...
..........)..........
#$..#####..#.#..###.#
#...##.##..#.#..###.#
........##..#..........
.......................
.........#...#.#..#.#.#.
##.##..#..#..............


You could see a leopard gecko and a bat.

Vanquished Creatures
  2 bats (D:1)
  2 goblins (D:1)
  3 hobgoblins (D:1)
  2 jackals (D:1)
  A frilled lizard (D:1)
  2 kobolds (D:1)
12 creatures vanquished.

Notes
Turn   | Place    | Note
-------+----------+-------------------------------------------
     0 | D:1      | Lavandula the Naga Air Elementalist began the quest for the
                  | Orb.
     0 | D:1      | Reached XP level 1. HP: 15/15 MP: 3/3
    73 | D:1      | Reached XP level 2. HP: 22/22 MP: 1/5
   137 | D:1      | HP: 1/22 [bat (1)]
   137 | D:1      | Slain by a leopard gecko

Vault maps used:
D:1:      erik_arrival_triangle_small

Action                   || total
-------------------------++-------
Melee: Short sword       ||     7
 Cast: Shock             ||    13
 Abil: Spit Poison       ||     8
Armor: Robe              ||     2
Dodge: Dodged            ||     6

Table legend:
 A = Non-vault XP
 B = Vault XP
 C = Vault XP percentage of total XP
 D = Non-vault monster count
 E = Vault monster count
 F = Vault count percentage of total count
                 A         B        C        D         E       F
            +---------+---------+-------+---------+---------+-------
      Total |      22 |       0 |   0.0 |      12 |       0 |   0.0
            +---------+---------+-------+---------+---------+-------
        D:1 |      22 |       0 |   0.0 |      12 |       0 |   0.0
            +---------+---------+-------+---------+---------+-------
